 Dungeon Crawl Stone Soup version 0.22-a0-402-ga933591907 (webtiles) character file.

312 PikkenKukken the Slinger (level 6, -1/41 HPs)
             Began as a Halfling Hunter on May 6, 2018.
             Slain by a scorpion (2 damage)
             ... on level 3 of the Dungeon.
             The game lasted 00:17:40 (3781 turns).

PikkenKukken the Slinger (Halfling Hunter)          Turns: 3781, Time: 00:17:40

Health: -1/41      AC:  9    Str: 13      XL:     6   Next: 70%
Magic:  6/6        EV: 15    Int:  8 (9)  God:
Gold:   158        SH:  0    Dex: 15 (17) Spells: 5/5 levels left

rFire    . . .     SeeInvis .   b - +3 dagger (holy)
rCold    . . .     Gourm    .   (shield restricted)
rNeg     + + .     Faith    .   c - +0 leather armour
rPois    .         Spirit   .   g - +0 helmet
rElec    .         Reflect  .   m - +2 cloak
rCorr    .         Harm     .   (no gloves)
MR       .....                  l - +1 pair of boots {Stlth+}
Stlth    +++.......             (no amulet)
HPRegen  0.13/turn              e - ring of positive energy
MPRegen  0.10/turn              n - ring of positive energy

@: lethally poisoned (-1 -> -3)
A: small, mutation resistance 1
a: no special abilities


You were on level 3 of the Dungeon.
You were not hungry.

You visited 1 branch of the dungeon, and saw 4 of its levels.

You collected 158 gold pieces.

Inventory:

Hand Weapons
 a - a +1 hunting sling
 b - a +3 dagger of holy wrath (weapon)
Missiles
 k - 150 stones (quivered)
 o - 24 sling bullets
Armour
 c - a +0 leather armour (worn)
 g - a +0 helmet (worn)
 l - a +1 pair of boots of stealth (worn)
 m - a +2 cloak (worn)
Jewellery
 e - a ring of positive energy (left hand)
 n - a ring of positive energy (right hand)
Wands
 j - a wand of enslavement (10)
Scrolls
 i - 6 scrolls of teleportation
 p - a scroll of identify
Potions
 h - a potion of resistance
 q - a potion of curing {unknown}
Comestibles
 d - a chunk of flesh
 f - 7 rations


   Skills:
 + Level 2.7 Fighting
 * Level 3.2 Short Blades
 + Level 8.4 Slings
 + Level 1.6 Armour
 + Level 2.6 Dodging
 + Level 1.9 Stealth


You had 5 spell levels left.
You didn't know any spells.

Dungeon Overview and Level Annotations

Branches:
Dungeon (4/15)
 Temple: D:4-7

Altars:
Ashenzari
Elyvilon
Hepliaklqana
Xom


Innate Abilities, Weirdness & Mutations

You are small and have problems with some larger weapons.
You are somewhat resistant to further mutation.


Message History

The scorpion stings you but does no damage.
You hit the scorpion.
The scorpion is heavily wounded.
You feel sick. The iguana misses you. The scorpion stings you.
* * * LOW HITPOINT WARNING * * *
You barely miss the scorpion.
The scorpion is heavily wounded.
The iguana bites you!
* * * LOW HITPOINT WARNING * * *
The scorpion closely misses you.
You closely miss the scorpion.
The scorpion is heavily wounded.
The iguana closely misses you. The scorpion barely misses you.
You closely miss the scorpion.
The scorpion is heavily wounded.
You closely miss the scorpion.
The scorpion is heavily wounded.
* * * LOW HITPOINT WARNING * * *
You feel sick. The iguana closely misses you. The scorpion stings you.
You die...

#.# ##...####.###.# #..# #.#
##+####...##.###..# #.#
#.###.....##.....# #.#
#.##.......#.....#
#.###########......_......####
#.........##...#.......##.#
###.#.###.#....##.....###.#
#.#.###.##..>.##...####.#
#.#.......l@..###.##....#
#.#####.###s#.....#######
#.#####.# #.####### #.......#
#.# ######### #.# #.#
######### #.# ########
#.......# #.# #.......
#.#####.# #.# #.######


You could see a scorpion and an iguana.

Vanquished Creatures
  A howler monkey (D:3)
  A hound (D:3)
  Jessica (D:2)
  A worker ant (D:4)
  Robin (D:3)
  4 gnolls (D:2)
  3 adders
  An adder skeleton (D:2)
  3 worms
  A dart slug (D:1)
  2 leopard geckos (D:3)
  6 orcs (D:3)
  4 giant cockroaches
  20 goblins
  10 hobgoblins
  8 jackals
  4 quokkas
  2 ball pythons
  3 bats
  2 frilled lizards
  4 kobolds
  8 rats
90 creatures vanquished.

Notes
Turn   | Place    | Note
-------+----------+-------------------------------------------
     0 | D:1      | PikkenKukken the Halfling Hunter began the quest for the Orb.
     0 | D:1      | Reached XP level 1. HP: 14/14 MP: 1/1
    43 | D:1      | Reached skill level 6 in Slings
   335 | D:1      | Reached XP level 2. HP: 17/19 MP: 2/2
   861 | D:1      | Reached skill level 1 in Short Blades
   861 | D:1      | Reached XP level 3. HP: 22/24 MP: 3/3
  1074 | D:2      | Noticed Jessica
  1113 | D:2      | Killed Jessica
  1113 | D:2      | Reached skill level 7 in Slings
  1113 | D:2      | Reached XP level 4. HP: 27/29 MP: 4/4
  1158 | D:2      | Found a hazy altar of Hepliaklqana.
  1159 | D:2      | Found a shimmering altar of Xom.
  1160 | D:2      | Noticed a spectral ugly thing
  1537 | D:2      | Reached XP level 5. HP: 34/34 MP: 5/5
  1904 | D:3      | Found a white marble altar of Elyvilon.
  1952 | D:3      | Found a shattered altar of Ashenzari.
  2120 | D:3      | Reached skill level 1 in Armour
  2124 | D:3      | Noticed Robin
  2478 | D:3      | Reached skill level 8 in Slings
  3125 | D:3      | Killed Robin
  3125 | D:3      | Reached XP level 6. HP: 41/41 MP: 6/6
  3765 | D:4      | Noticed an ogre
  3778 | D:3      | HP: 1/41 [iguana (11)]
  3781 | D:3      | Slain by a scorpion

Vault maps used:
D:1:      minmay_arrival_hallway
D:2:      regret_index_temple_of_mockery, first_ration,
          small_statue_intersection, minmay_distorted, uniq_jessica
D:3:      lemuel_round_altar, overflow_temple_1_default, uniq_robin
D:4:      grunt_temple_overflow_holy_war, dancing_weapons_uskayaw,
          vehumet_statue, minmay_temple_entry_poolview, serial_shops, shop

Skill      XL: |  1  2  3  4  5  6 |
---------------+-------------------+-----
Slings         | 6 7 8 |  8.4
Short Blades   | 1 2 3 |  3.2
Fighting       | 2 |  2.7
Armour         | 1 |  1.6
Dodging        | |  2.6
Stealth        | |  1.9

Action                   |  1- 3 |  4- 6 || total
-------------------------+-------+-------++-------
Melee: Dagger            |    16 |   132 ||   148
 Fire: Hunting sling     |    55 |   118 ||   173
Evoke: Wand              |       |     1 ||     1
  Use: Scroll            |     4 |     5 ||     9
       Potion            |       |     5 ||     5
 Stab: Sleeping          |       |     7 ||     7
  Eat: Chunk             |       |     6 ||     6
       Ration            |       |     1 ||     1
Armor: Leather armour    |     6 |    27 ||    33
Dodge: Dodged            |    21 |   142 ||   163

Table legend:
 A = Spawn XP
 B = Non-spawn XP
 C = Spawn XP percentage of total XP
 D = Spawn monster count
 E = Non-spawn monster count
 F = Spawn count percentage of total count
 G = Total turns spent on level
                    A         B        C        D         E        F      G
               +---------+---------+-------+---------+---------+-------+---------
         Total |       0 |     446 |   0.0 |       0 |      90 |   0.0 |  3781
               +---------+---------+-------+---------+---------+-------+---------
           D:1 |       0 |      29 |   0.0 |       0 |      17 |   0.0 |  1043
           D:2 |       0 |     174 |   0.0 |       0 |      31 |   0.0 |   861
           D:3 |       0 |     207 |   0.0 |       0 |      41 |   0.0 |  1817
           D:4 |       0 |      36 |   0.0 |       0 |       1 |   0.0 |    60
               +---------+---------+-------+---------+---------+-------+---------
